 Dungeon Crawl Stone Soup version 0.31.0-9-g3a7656b989 (webtiles) character file.

Game seed: 14022717580118288174

237 qw the Skirmisher (level 5, 0/30 HPs)
             Began as a Deep Elf Hunter on Feb 2, 2024.
             Succumbed to their own poison gas
             ... on level 4 of the Dungeon.
             The game lasted 00:00:10 (2634 turns).

qw the Skirmisher (Deep Elf Hunter)                 Turns: 2634, Time: 00:00:10

Health: 0/30       AC:  7    Str: 10    XL:     5   Next: 77%
Magic:  7/7        EV: 12    Int: 14    God:
Gold:   164        SH:  0    Dex: 26    Spells: 4/4 levels left

rFire   + . .        c - +3 longbow (freeze)
rCold   . . .        (shield currently unavailable)
rNeg    + . .        e - +0 ring mail
rPois   .            (no helmet)
rElec   +            d - scarf of Past Mistakes {+Inv, Dex+2}
rCorr   .            b - +1 pair of gloves of the Undertaker {Stlth+}
SInv    .            (no boots)
Will    .....        (no amulet)
Stlth   +++          l - ring of protection from fire
HPRegen 0.25/turn    m - ring of Beauty {rElec rN+ Dex+6}
MPRegen 0.10/turn

%: no passive effects
@: brilliant, lethally poisoned (0 -> -7), about to teleport
A: no striking features
a: Evoke Invisibility


You were on level 4 of the Dungeon.
You visited 1 branch of the dungeon, and saw 4 of its levels.

You collected 164 gold pieces.


   Skills:
 + Level 1.7 Fighting
 - Level 9.0 Ranged Weapons
 - Level 3.2 Dodging
 - Level 1.2 Stealth


You had 4 spell levels left.
You didn't know any spells.
Your spell library was empty.

Inventory:

Hand Weapons
 c - a +3 longbow of freezing (weapon)
Armour
 b - the +1 pair of gloves of the Undertaker (worn) {Stlth+}
   (You acquired it on level 2 of the Dungeon)

   Stlth+:    It makes you more stealthy.
 d - the scarf of Past Mistakes (worn) {+Inv, Dex+2}
   (You acquired it on level 2 of the Dungeon)

   Dex+2:     It affects your dexterity (+2).
 e - a +0 ring mail (worn)
Jewellery
 l - a ring of protection from fire (left hand)
 m - the ring of Beauty (right hand) {rElec rN+ Dex+6}
   (You acquired it on level 4 of the Dungeon)

   [ring of positive energy]

   Dex+6:     It affects your dexterity (+6).
   rElec:     It insulates you from electricity.
   rN+:       It protects you from negative energy.
Potions
 g - a potion of haste
 j - a potion of mutation
 k - a potion of curing {unknown}

Dungeon Overview and Level Annotations

Branches:
Dungeon (4/15)
 Temple: D:4-7

Altars:
Fedhas

Shops:
D:3 *


Message History

An orc is nearby!
You feel sick.
An orc is nearby!
You feel sick.
An orc is nearby!
You feel sick.
An orc is nearby!
You feel sick.
An orc is nearby!
You feel sick.
An orc is nearby!
You feel sick.
You are no longer poisoned.
2626 ||| FLEEEEING.
You are engulfed in poison gas.
You are lethally poisoned!
You feel very sick.
2627 ||| Stepping ~*~*~tactically~*~*~ (cloud).
You feel very sick.
2628 ||| DRINKING potion of heal wounds.
You feel much better.
You feel very sick.
2629 ||| FLEEEEING.
You are engulfed in poison gas.
You are lethally poisoned!
You feel very sick.
2630 ||| FLEEEEING.
You feel very sick.
2631 ||| FLEEEEING.
You feel very sick.
2632 ||| READING scroll of teleportation.
As you read the scroll of teleportation, it crumbles to dust.
You feel strangely unstable.
You feel very sick.
You shoot an arrow. The arrow closely misses the orc.
You feel very sick. The orc hits you but does no damage.
The orc closely misses you.
You shoot an arrow. The arrow hits the orc!!
The arrow freezes the orc.
You kill the orc!
You die...

.# .#
#############
.####...........#
.##...#########.#
....#...........#
.##############.#
.# #.##### .#
#.#...# ##
#.@.#.###
####)....#
#####[.......#
.......#!#.#..#
.#
######........#
.# #..#.#.#.## .#
#.[......# .#
#..#.#.#.# .#
.........#


There were no monsters in sight!

Vanquished Creatures
  2 hounds
  A sleepcap (D:4)
  An orc wizard (D:3)
  4 adders
  A shadow imp (D:3)
  A dart slug (D:1)
  9 orcs
  4 ball pythons
  5 endoplasms
  3 giant cockroaches
  6 goblins
  8 hobgoblins
  4 jackals (D:3)
  A quokka (D:1)
  3 bats
  2 frilled lizards
  7 kobolds
  6 rats
68 creatures vanquished.

Notes
Turn   | Place    | Note
-------+----------+-------------------------------------------
     0 | D:1      | qw the Deep Elf Hunter began the quest for the Orb.
     0 | D:1      | Reached XP level 1. HP: 12/12 MP: 3/3
     0 | D:1      | 0 ||| qw: Version: 0.3-a-155-g5e7d8dd
     0 | D:1      | 0 ||| qw: Game counter: 2045
     0 | D:1      | 0 ||| qw: Melee chars always use a shield: true
     0 | D:1      | 0 ||| qw: God list: Okawaru
     0 | D:1      | 0 ||| qw: Allow faded altars: false
     0 | D:1      | 0 ||| qw: Do Orc after clearing Dungeon:15 true
     0 | D:1      | 0 ||| qw: Do second Lair branch before Depths: true
     0 | D:1      | 0 ||| qw: Lair rune preference: random
     0 | D:1      | 0 ||| qw: Goals: Normal
     0 | D:1      | 0 ||| PLANNING D:1-11
    99 | D:1      | Reached XP level 2. HP: 16/16 MP: 4/4
   188 | D:1      | Reached skill level 6 in Ranged Weapons
   798 | D:1      | 798 ||| UPGRADING to +0 ring mail.
   808 | D:1      | 808 ||| DROPPING +0 leather armour.
   809 | D:1      | 809 ||| READING scroll labelled JUESTU IPNYDU.
   809 | D:1      | Identified a scroll of acquirement
   809 | D:1      | 809 ||| ACQUIRING +3 longbow of freezing
   809 | D:1      | Acquired a +3 longbow of freezing
   811 | D:1      | 811 ||| SWAPPING to +3 longbow of freezing.
   812 | D:1      | 812 ||| DROPPING +0 shortbow.
   813 | D:1      | 813 ||| READING 2 scrolls labelled ONKAAQOCZE.
   813 | D:1      | 813 ||| IDENTIFYING smoky puce potion
   814 | D:1      | 814 ||| READING scroll of identify.
   814 | D:1      | 814 ||| IDENTIFYING bubbling white potion
   815 | D:1      | 815 ||| READING scroll labelled NEHATOGINU.
   816 | D:1      | 816 ||| READING scroll labelled ONGYAG HUSECESS.
   821 | D:1      | 821 ||| DROPPING scroll of butterflies.
   822 | D:1      | 822 ||| DROPPING potion of degeneration.
   854 | D:2      | Reached XP level 3. HP: 19/20 MP: 5/5
  1142 | D:2      | Reached skill level 7 in Ranged Weapons
  1152 | D:2      | 1152 ||| FLEEEEING.
  1153 | D:2      | 1153 ||| FLEEEEING.
  1155 | D:2      | 1155 ||| FLEEEEING.
  1156 | D:2      | 1156 ||| FLEEEEING.
  1157 | D:2      | 1157 ||| FLEEEEING.
  1158 | D:2      | 1158 ||| FLEEEEING.
  1160 | D:2      | 1160 ||| FLEEEEING.
  1161 | D:2      | 1161 ||| FLEEEEING.
  1162 | D:2      | 1162 ||| FLEEEEING.
  1163 | D:2      | 1163 ||| FLEEEEING.
  1165 | D:2      | 1165 ||| FLEEEEING.
  1166 | D:2      | 1166 ||| FLEEEEING.
  1167 | D:2      | 1167 ||| FLEEEEING.
  1168 | D:2      | 1168 ||| FLEEEEING.
  1169 | D:2      | 1169 ||| FLEEEEING.
  1170 | D:2      | 1170 ||| FLEEEEING.
  1171 | D:2      | 1171 ||| FLEEEEING.
  1172 | D:2      | 1172 ||| FLEEEEING.
  1173 | D:2      | 1173 ||| FLEEEEING.
  1174 | D:2      | 1174 ||| FLEEEEING.
  1175 | D:2      | 1175 ||| FLEEEEING.
  1176 | D:2      | 1176 ||| FLEEEEING.
  1177 | D:2      | 1177 ||| FLEEEEING.
  1178 | D:2      | 1178 ||| FLEEEEING.
  1180 | D:2      | 1180 ||| FLEEEEING.
  1301 | D:2      | 1301 ||| READING 2 scrolls of acquirement.
  1301 | D:2      | 1301 ||| ACQUIRING scarf of Past Mistakes {+Inv, Dex+2}
  1301 | D:2      | Acquired the scarf of Past Mistakes {+Inv, Dex+2}
  1303 | D:2      | 1303 ||| UPGRADING to scarf of Past Mistakes {+Inv, Dex+2}.
  1308 | D:2      | 1308 ||| READING scroll of acquirement.
  1308 | D:2      | 1308 ||| ACQUIRING +1 pair of gloves of the Undertaker
                  | {Stlth+}
  1308 | D:2      | Acquired the +1 pair of gloves of the Undertaker {Stlth+}
  1310 | D:2      | 1310 ||| UPGRADING to +1 pair of gloves of the Undertaker
                  | {Stlth+}.
  1579 | D:2      | 1579 ||| READING scroll of identify.
  1579 | D:2      | 1579 ||| IDENTIFYING viscous dark potion
  1622 | D:3      | Reached XP level 4. HP: 25/25 MP: 6/6
  1662 | D:3      | Found Daepam's General Store.
  1674 | D:3      | 1674 ||| SHOPLISTING +1 helmet (138 gold, have 80).
  1674 | D:3      | 1674 ||| SHOPLISTING +3 ring mail of fire resistance (312
                  | gold, have 80).
  1674 | D:3      | 1674 ||| SHOPLISTING scroll of enchant weapon (90 gold,
                  | have 80).
  1759 | D:3      | Found a blossoming altar of Fedhas.
  1812 | D:3      | Reached skill level 8 in Ranged Weapons
  2085 | D:3      | Reached XP level 5. HP: 29/29 MP: 7/7
  2200 | D:3      | 2200 ||| DROPPING amulet of magic regeneration.
  2201 | D:3      | 2201 ||| UPGRADING to ring of protection from fire.
  2202 | D:3      | 2202 ||| READING scroll labelled UTRAAJ YDWEWU.
  2203 | D:3      | 2203 ||| READING scroll labelled BYONEF ITHRAI.
  2365 | D:4      | Reached skill level 9 in Ranged Weapons
  2380 | D:4      | 2380 ||| READING scroll of acquirement.
  2380 | D:4      | 2380 ||| ACQUIRING ring of Beauty {rElec rN+ Dex+6}
  2380 | D:4      | Acquired the ring of Beauty {rElec rN+ Dex+6}
  2382 | D:4      | 2382 ||| UPGRADING to ring of Beauty {rElec rN+ Dex+6}.
  2522 | D:4      | Reached skill level 3 in Dodging
  2545 | D:4      | 2545 ||| READING scroll of identify.
  2545 | D:4      | 2545 ||| IDENTIFYING metallic purple potion
  2614 | D:4      | 2614 ||| READING scroll labelled TAUPRAOHUU.
  2615 | D:4      | 2615 ||| DRINKING 2 cyan potions.
  2616 | D:4      | 2616 ||| DROPPING potion of brilliance.
  2618 | D:4      | 2618 ||| Stepping ~*~*~tactically~*~*~ (cloud).
  2626 | D:4      | 2626 ||| FLEEEEING.
  2627 | D:4      | 2627 ||| Stepping ~*~*~tactically~*~*~ (cloud).
  2627 | D:4      | HP: 4/30 [poisoned by you (poison gas)]
  2628 | D:4      | 2628 ||| DRINKING potion of heal wounds.
  2629 | D:4      | 2629 ||| FLEEEEING.
  2630 | D:4      | 2630 ||| FLEEEEING.
  2631 | D:4      | 2631 ||| FLEEEEING.
  2632 | D:4      | 2632 ||| READING scroll of teleportation.
  2632 | D:4      | HP: 4/30 [poisoned by you (poison gas)]
  2633 | D:4      | HP: 1/30 [poisoned by you (poison gas)]
  2634 | D:4      | Succumbed to their own poison gas

Levels and vault maps discovered:
D:1:      wander_arrival_fairy_ring, layout_loops_corners
D:2:      layout_loops_ring, minmay_tromino_v7
D:3:      layout_basic, nicolae_overflow_hidden_temple, serial_shops,
          nicolae_shop_hallway_plus
D:4:      cheibrodos_quashed, layout_loops_ring, mainiacjoe_overflow_paths,
          tgw_kikubaaqudgha, serial_co_window_serial, co_window_corner_a,
          co_window_of_opportunity_a, co_window_paths_b, co_window_paths_a,
          co_window_of_opportunity_a, co_window_broadway_a, co_window_corner_b,
          co_window_of_opportunity_b, co_window_paths_d, co_window_sun,
          glass_columns_b, glass_columns_a, glass_columns_a

Skill      XL: |  1  2  3  4  5 |
---------------+----------------+-----
Ranged Weapons | 6 7 8 9 |  9.0
Dodging        | 3 |  3.2
Fighting       | |  1.7
Stealth        | |  1.2

Action                     |  1- 3 |  4- 6 || total
---------------------------+-------+-------++-------
   Fire: Shortbow          |    36 |       ||    36
         Longbow           |    50 |    51 ||   101
    Use: Scroll            |     8 |     6 ||    14
         Potion            |       |     2 ||     2
 Armour: Leather armour    |     5 |       ||     5
         Ring mail         |     9 |     3 ||    12
  Dodge: Dodged            |    14 |     2 ||    16

Table legend:
 A = Non-vault XP
 B = Vault XP
 C = Vault XP percentage of total XP
 D = Non-vault monster count
 E = Vault monster count
 F = Vault count percentage of total count
                 A         B        C        D         E       F
            +---------+---------+-------+---------+---------+-------
      Total |     334 |       8 |   2.3 |      64 |       4 |   5.9
            +---------+---------+-------+---------+---------+-------
        D:1 |      26 |       0 |   0.0 |      14 |       0 |   0.0
        D:2 |      47 |       8 |  14.5 |      15 |       4 |  21.1
        D:3 |     152 |       0 |   0.0 |      28 |       0 |   0.0
        D:4 |     109 |       0 |   0.0 |       7 |       0 |   0.0
            +---------+---------+-------+---------+---------+-------
